 Dungeon Crawl Stone Soup version 0.26-a0-639-g72c4674329 (webtiles) character file.

Game seed: 12990948918233475030

37 Peloso the Shield-Bearer (level 3, 0/29 HPs)
             Began as a Demonspawn Fighter on Sept 18, 2020.
             Succumbed to a kobold's poison
             ... on level 2 of the Dungeon.
             The game lasted 00:02:23 (1091 turns).

Peloso the Shield-Bearer (Demonspawn Fighter)       Turns: 1091, Time: 00:02:23

Health: 0/29       AC: 10    Str: 23    XL:     3   Next: 23%
Magic:  3/3        EV:  9    Int:  9    God:
Gold:   28         SH:  9    Dex: 12    Spells: 2/2 levels left

rFire    . . .     SeeInvis .   a - +0 long sword
rCold    . . .     Faith    .   c - +0 kite shield
rNeg     . . .     Spirit   +   b - +0 scale mail
rPois    .         Reflect  .   (no helmet)
rElec    .         Harm     .   (no cloak)
rCorr    .         Rampage  .   (no gloves)
MR       .....                  (no boots)
Stlth    ..........             (no amulet)
HPRegen  0.09/turn              f - +4 ring of protection
MPRegen  0.08/turn              e - +6 ring of strength

@: brilliant, lethally poisoned (0 -> -22)
A: repulsion field 1, magic shield
a: no special abilities


You were on level 2 of the Dungeon.
You visited 1 branch of the dungeon, and saw 2 of its levels.

You collected 28 gold pieces.

Inventory:

Hand Weapons
 a - a +0 long sword (weapon)
Armour
 b - a +0 scale mail (worn)
 c - a +0 kite shield (worn)
Jewellery
 e - a +6 ring of strength (right hand)
 f - a +4 ring of protection (left hand)
Scrolls
 g - a scroll of amnesia {unknown}
 h - 3 scrolls of immolation {unknown}
 i - 2 scrolls of blinking {unknown}
 k - a scroll of noise {unknown}
 l - a scroll of fog {unknown}
 m - a scroll of identify {unknown}
Potions
 d - a potion of might


   Skills:
 + Level 3.1 Fighting
 + Level 2.4 Long Blades
 + Level 3.0 Armour
 + Level 3.2 Shields


You had 2 spell levels left.
You didn't know any spells.
Your spell library was empty.

Dungeon Overview and Level Annotations

Branches:
Dungeon (2/15)

Altars:


Innate Abilities, Weirdness & Mutations

You are surrounded by a mild repulsion field. (EV +2)
When hurt, damage is shared between your health and your magic reserves.


Message History

You kill the kobold!
You feel very sick.
* * * LOW HITPOINT WARNING * * *
You feel sick.
You see here a +2 dagger of venom.
* * * LOW HITPOINT WARNING * * *
You feel sick.
You see here 7 gold pieces.
It was a potion of brilliance.
You feel clever all of a sudden.
* * * LOW HITPOINT WARNING * * *
You feel sick.
It was a potion of magic.
Magic courses through your body.
* * * LOW HITPOINT WARNING * * *
You feel sick.
Unknown command.
* * * LOW HITPOINT WARNING * * *
You feel sick.
You see here a +2 dagger of venom.
You die...

#.. #.# #.# #.# #.# #.#
#.# #.# #.# #.# #$#
##.####### #)####.##
#........####@.$.....
####..#####....../.....#
#............########..#
....).######.# .#
#)###.# #.# #.# #.# ...
#.# #.# .... #.###.#.#
#...# .<......# ##.##


There were no monsters in sight!

Vanquished Creatures
  An adder (D:2)
  A dart slug (D:1)
  A leopard gecko (D:2)
  2 bats (D:1)
  A giant cockroach (D:1)
  3 hobgoblins
  2 jackals (D:1)
  2 frilled lizards (D:1)
  7 goblins
  5 kobolds
  2 rats
27 creatures vanquished.

Notes
Turn   | Place    | Note
-------+----------+-------------------------------------------
     0 | D:1      | Peloso the Demonspawn Fighter began the quest for the Orb.
     0 | D:1      | Reached XP level 1. HP: 18/18 MP: 1/1
   327 | D:1      | Gained mutation: When hurt, damage is shared between your
                  | health and your magic reserves. [demonic ancestry]
   327 | D:1      | Reached XP level 2. HP: 24/24 MP: 2/2
   974 | D:2      | Gained mutation: You are surrounded by a mild repulsion
                  | field. (EV +2) [demonic ancestry]
   974 | D:2      | Reached XP level 3. HP: 21/29 MP: 1/3
  1090 | D:2      | HP: 1/29 [poisoned by a kobold]
  1091 | D:2      | Succumbed to a kobold's poison

Illustrated notes

Levels and vault maps discovered:
D:1:      dpeg_arrival_pond, layout_basic, chequers_garden,
          wad_floor_pattern_untrapped
D:2:      layout_loops_ring, nemelex_xobeh_ov_fountains_minmay

Skill      XL: |  1  2 |
---------------+-------+-----
Armour         | 3 |  3.0
Long Blades    | 2 |  2.4
Shields        | 3 |  3.2
Fighting       | |  3.1

Action                   || total
-------------------------++-------
Melee: Long sword        ||    79
  Use: Potion            ||     3
Armor: Scale mail        ||    37
Dodge: Dodged            ||    22
Block: Kite shield       ||    32
       Rpst.: Long sword ||     6

Table legend: (Time is in decaauts)
 A = Elapsed time spent in this place.
 B = Non-inter-level travel time spent in this place.
 C = Inter-level travel time spent in this place.
 D = Time resting spent in this place.
 E = Time spent auto-exploring this place.
 F = Levels seen in this place.
 G = Mean time per level.
                   A        B        C        D        E       F      G
               +--------+--------+--------+--------+--------+-----+--------+
         Total |   1119 |   1110 |      9 |      0 |    873 |   2 |  559.5 |
       Dungeon |   1119 |   1110 |      9 |      0 |    873 |   2 |  559.5 |
               +--------+--------+--------+--------+--------+-----+--------+

Top non-repeatable levels by time:
     D:1: 951 daAuts
     D:2: 167 daAuts
